 Dungeon Crawl Stone Soup version 0.23-a0-643-g9ccc95a (webtiles) character file.

10 Lanoc the Sneak (level 2, -2/17 HPs)
             Began as an Octopode Enchanter on Dec 31, 2018.
             Slain by a jackal (3 damage)
             ... on level 1 of the Dungeon.
             The game lasted 00:00:31 (156 turns).

Lanoc the Sneak (Octopode Enchanter)                 Turns: 156, Time: 00:00:32

Health: -2/17      AC:  1    Str:  7    XL:     2   Next: 20%
Magic:  5/5        EV: 13    Int: 17    God:
Gold:   16         SH:  0    Dex: 12    Spells: 4/5 levels left

rFire    . . .     SeeInvis .   d - +1 short sword (speed)
rCold    . . .     Gourm    .   (no shield)
rNeg     . . .     Faith    .   (helmet restricted)
rPois    .         Spirit   .   (no amulet)
rElec    .         Reflect  .   (no ring)
rCorr    .         Harm     .   (no ring)
MR       .....                  (no ring)
Stlth    +++.......             (no ring)
HPRegen  0.05/turn              (no ring)
MPRegen  0.09/turn              (no ring)
                                (no ring)
                                (no ring)

@: no status effects
A: almost no armour, stealthy swim, amphibious, 8 rings, constrict 8, camouflage
1, gelatinous body 1
a: no special abilities


You were on level 1 of the Dungeon.
You were not hungry.

You visited 1 branch of the dungeon, and saw 1 of its levels.

You collected 16 gold pieces.

Inventory:

Hand Weapons
 a - a +1 dagger
 d - a +1 short sword of speed (weapon)
Scrolls
 e - a scroll of identify {unknown}
Potions
 b - a potion of curing {unknown}
Comestibles
 c - 2 rations


   Skills:
 + Level 0.2 Fighting
 * Level 1.2 Short Blades
 + Level 2.1 Dodging
 * Level 4.2 Stealth
 + Level 2.0 Spellcasting
 * Level 3.1 Hexes


You had 4 spell levels left.
You knew the following spells:

 Your Spells              Type           Power        Failure   Level  Hunger
a - Corona                Hex            ##.....      5%          1    #......

Your spell library contained the following spells:

 Spells                   Type           Power        Failure   Level  Hunger
 Ensorcelled Hibernation  Hex/Ice        #.....       16%         2    ###....
 Confuse                  Hex            ##......     16%         3    ###....
 Tukima's Dance           Hex            ##......     16%         3    ###....
 Dazzling Spray           Conj/Hex       #.....       30%         3    ###....


Dungeon Overview and Level Annotations

Branches:
Dungeon (1/15)

Altars:


Innate Abilities, Weirdness & Mutations

You cannot wear most types of armour.
You are very stealthy in the water. (Stealth+)
You are amphibious.
You can wear up to eight rings at the same time.
You can use your tentacles to constrict eight enemies at once.
Your skin changes colour to match your surroundings (Stealth+).
Your rubbery body absorbs attacks. (AC +1, EV +1)


Message History

* * * LOW HITPOINT WARNING * * *
The jackal misses you.
You hit the jackal.
The jackal is moderately wounded.
You constrict the jackal. x2
The jackal bites you but does no damage.
The jackal bites you.
* * * LOW HITPOINT WARNING * * *
You hit the jackal.
The jackal is severely wounded.
You constrict the jackal. x2; The jackal misses you.
The jackal bites you.
* * * LOW HITPOINT WARNING * * *
You hit the jackal.
The jackal is almost dead.
You constrict the jackal.
You kill the jackal!
You constrict the jackal.
You kill the jackal!
The jackal bites you.
You die...

###...###
#######...
##.......# ###
#....
#......###....
#....
##.............
#....
#........#.....
##...
#..............
.....
#.#......##....
....##
#....†#..# ...
.... ####..@..#
.. ... #
#....h†....$# .
# #...!.......#
# #...........#
# #...........#
# #...........#
# #...........#
#...........#


You could see a jackal.

Vanquished Creatures
  A dart slug (D:1)
  A hobgoblin (D:1)
  2 jackals (D:1)
  A kobold (D:1)
  2 frilled lizards (D:1)
  A rat (D:1)
8 creatures vanquished.

Notes
Turn   | Place    | Note
-------+----------+-------------------------------------------
     0 | D:1      | Lanoc the Octopode Enchanter began the quest for the Orb.
     0 | D:1      | Reached XP level 1. HP: 11/11 MP: 3/3
     2 | D:1      | Noticed an ogre
     2 | D:1      | Noticed a troll
     4 | D:1      | Noticed a demonspawn
     4 | D:1      | Noticed a human
     6 | D:1      | Noticed a centaur
     6 | D:1      | Noticed an elf
     8 | D:1      | Noticed an octopode
    10 | D:1      | Noticed a minotaur
    10 | D:1      | Noticed a draconian
    12 | D:1      | Noticed a dwarf
    12 | D:1      | Noticed a tengu
    14 | D:1      | Noticed a ghoul
    16 | D:1      | Noticed a felid
    18 | D:1      | Noticed a halfling
    18 | D:1      | Noticed a spriggan
    20 | D:1      | Noticed a vine stalker
    20 | D:1      | Noticed a gargoyle
    22 | D:1      | Noticed a merfolk
    22 | D:1      | Noticed a naga
    24 | D:1      | Noticed a vampire
    26 | D:1      | Noticed a formicid
    26 | D:1      | Noticed a demigod
   147 | D:1      | Reached XP level 2. HP: 9/17 MP: 5/5
   156 | D:1      | Slain by a jackal

Vault maps used:
D:1:      kb_arrival_jail

Action                   || total
-------------------------++-------
Melee: Short sword       ||    19
       Constrict         ||     5
       Tentacles         ||     3
       Dagger            ||     2
 Stab: Sleeping          ||     1
Armor: Skin              ||     2
Dodge: Dodged            ||     6

Table legend:
 A = Non-vault XP
 B = Vault XP
 C = Vault XP percentage of total XP
 D = Non-vault monster count
 E = Vault monster count
 F = Vault count percentage of total count
                 A         B        C        D         E       F
            +---------+---------+-------+---------+---------+-------
      Total |      15 |       0 |   0.0 |       8 |       0 |   0.0
            +---------+---------+-------+---------+---------+-------
        D:1 |      15 |       0 |   0.0 |       8 |       0 |   0.0
            +---------+---------+-------+---------+---------+-------
